TOP OF THE 1ST |
---|
Manhatten Meatheads batting - Pitching for Grim Reapers : LHP Miguel Meneces | Pitching: LHP Miguel Meneces | | Batting: RHB Santiago Díaz | 0-0: Called Strike 0-1: Ball 1-1: Swinging Strike 1-2: Strikes out swinging | Batting: LHB Manuel Ortega | 0-0: Foul Ball, location: 2F 0-1: Swinging Strike 0-2: Strikes out swinging | Batting: RHB James Morris | 0-0: Foul Ball, location: 2F 0-1: Swinging Strike 0-2: Ball 1-2: Strikes out swinging | Top of the 1st over - 0 runs, 0 hits, 0 errors, 0 left on base; Manhatten 0 - Grim 0 | BOTTOM OF THE 1ST |
---|
Grim Reapers batting - Pitching for Manhatten Meatheads : LHP Bernard Zuccarello | Pitching: LHP Bernard Zuccarello | | Batting: RHB Luis Samaripa | 0-0: Ball 1-0: Fly out, F8 (Flyball, 8RS) | Batting: RHB Luis López | 0-0: Ball 1-0: Swinging Strike 1-1: Swinging Strike 1-2: Foul Ball, location: 2F 1-2: Ball 2-2: Strikes out swinging | Batting: RHB Justin Geoghegan | 0-0: Foul Ball, location: 2F 0-1: Ball 1-1: Foul Ball, location: 2F 1-2: Foul Ball, location: 2F 1-2: Ball 2-2: Ball 3-2: Base on Balls | Batting: RHB Júlio Núñez | 0-0: Called Strike 0-1: Ball 1-1: SINGLE (Groundball, 34D) Justin Geoghegan to second Runner from 2nd tries for 3rd, SAFE, no throw | Batting: SHB Sean Moody | 0-0: Foul Ball, location: 2F 0-1: Ball 1-1: Foul Ball, location: 2F 1-2: Foul Ball, location: 2F 1-2: Strikes out swinging | Bottom of the 1st over - 0 runs, 1 hit, 0 errors, 2 left on base; Manhatten 0 - Grim 0 | TOP OF THE 2ND |
---|
Manhatten Meatheads batting - Pitching for Grim Reapers : LHP Miguel Meneces | Batting: RHB Pedro Delgado | 0-0: Called Strike 0-1: Swinging Strike 0-2: Reached on error, E6 (Groundball, 6) | Batting: RHB Ismael Hidalgo | 0-0: Foul Ball, location: 2F 0-1: Ball 1-1: Fly out, F9 (Flyball, 89D) | Batting: LHB Miguel Pérez | 0-0: Called Strike 0-1: Foul Ball, location: 2F 0-2: Ball 1-2: Foul Ball, location: 2F 1-2: Foul Ball, location: 2F 1-2: Strikes out swinging | Batting: RHB Ricardo Medina | 0-0: Called Strike 0-1: Ball 1-1: Fly out, F7 (Flyball, 7LS) | Top of the 2nd over - 0 runs, 0 hits, 1 error, 1 left on base; Manhatten 0 - Grim 0 | BOTTOM OF THE 2ND |
---|
Grim Reapers batting - Pitching for Manhatten Meatheads : LHP Bernard Zuccarello | Batting: RHB Joel Hebert | 0-0: Called Strike 0-1: Ball 1-1: Foul Ball, location: 2F 1-2: Fly out, F7 (Flyball, 7S) | Batting: LHB Marcos Fontanez | 0-0: Ball 1-0: Ball 2-0: Ball 3-0: Base on Balls | Batting: RHB Juan Ortega | 0-0: Called Strike 0-1: Ball 1-1: Foul Ball, location: 2F 1-2: Ball 2-2: Ball 3-2: Fly out, F9 (Flyball, 9) | Batting: SHB José Castillo | 0-0: Called Strike 0-1: Ball 1-1: Ball 2-1: Ground out U3 (Groundball, 3S) | Bottom of the 2nd over - 0 runs, 0 hits, 0 errors, 1 left on base; Manhatten 0 - Grim 0 | TOP OF THE 3RD |
---|
Manhatten Meatheads batting - Pitching for Grim Reapers : LHP Miguel Meneces | Batting: RHB Rudy Boyd | 0-0: Ball 1-0: Called Strike 1-1: DOUBLE (Line Drive, 9LM) | Batting: LHB Hidalgo García | 0-0: Swinging Strike 0-1: Ball 1-1: Foul Ball, location: 2F 1-2: Foul Ball, location: 2F 1-2: DOUBLE (Line Drive, 9LM) Rudy Boyd scores | Batting: RHB Santiago Díaz | 0-0: Ball 1-0: Called Strike 1-1: Ball 2-1: Called Strike 2-2: Foul Ball, location: 2F 2-2: Ball 3-2: Foul Ball, location: 2F 3-2: Fly out, F8 (Flyball, 8RD) | Batting: LHB Manuel Ortega | 0-0: Foul Ball, location: 2F 0-1: Ball 1-1: Foul Ball, location: 2F 1-2: Ball 2-2: Ball Wild Pitch! Hidalgo García to third 3-2: Strikes out swinging | Batting: RHB James Morris | 0-0: Ball 1-0: Foul Ball, location: 2F 1-1: Swinging Strike 1-2: SINGLE (Groundball, 6MD) Hidalgo García scores | Batting: RHB Pedro Delgado | 0-0: Called Strike 0-1: Ball 1-1: Ball 2-1: Swinging Strike 2-2: Strikes out swinging | Top of the 3rd over - 2 runs, 3 hits, 0 errors, 1 left on base; Manhatten 2 - Grim 0 | BOTTOM OF THE 3RD |
---|
Grim Reapers batting - Pitching for Manhatten Meatheads : LHP Bernard Zuccarello | Batting: RHB Luis Samaripa | 0-0: Ball 1-0: Called Strike 1-1: Foul Ball, location: 2F 1-2: Ball 2-2: Strikes out looking | Batting: RHB Luis López | 0-0: Swinging Strike 0-1: Ball 1-1: Ball 2-1: Ball 3-1: Foul Ball, location: 2F 3-2: SINGLE (Groundball, 56D) | Batting: RHB Justin Geoghegan | 0-0: Swinging Strike 0-1: Ball 1-1: Swinging Strike 1-2: Ball 2-2: Foul Ball, location: 2F 2-2: Strikes out looking | Batting: RHB Júlio Núñez | Pickoff Throw to First - Out! | Bottom of the 3rd over - 0 runs, 1 hit, 0 errors, 0 left on base; Manhatten 2 - Grim 0 | TOP OF THE 4TH |
---|
Manhatten Meatheads batting - Pitching for Grim Reapers : LHP Miguel Meneces | Batting: RHB Ismael Hidalgo | 0-0: Called Strike 0-1: Swinging Strike 0-2: Ball 1-2: Strikes out swinging | Batting: LHB Miguel Pérez | 0-0: Ball 1-0: Called Strike 1-1: Ball 2-1: Ball 3-1: Swinging Strike 3-2: Foul Ball, location: 2F 3-2: Base on Balls | Batting: RHB Ricardo Medina | 0-0: Ball 1-0: Called Strike 1-1: Called Strike 1-2: Strikes out looking | Batting: RHB Rudy Boyd | 0-0: Called Strike 0-1: Foul Ball, location: 2F 0-2: SINGLE (Flyball, 78M) Miguel Pérez to second | Batting: LHB Hidalgo García | 0-0: Ball 1-0: Foul Ball, location: 2F 1-1: Ball 2-1: Ball 3-1: Foul Ball, location: 2F 3-2: Base on Balls Miguel Pérez to third Rudy Boyd to second | Batting: RHB Santiago Díaz | 0-0: Swinging Strike 0-1: Ground out 6-3 (Groundball, 6S) | Top of the 4th over - 0 runs, 1 hit, 0 errors, 3 left on base; Manhatten 2 - Grim 0 | BOTTOM OF THE 4TH |
---|
Grim Reapers batting - Pitching for Manhatten Meatheads : LHP Bernard Zuccarello | Batting: RHB Júlio Núñez | 0-0: Called Strike 0-1: Ball 1-1: Ball 2-1: Swinging Strike 2-2: Strikes out swinging | Batting: SHB Sean Moody | 0-0: Called Strike 0-1: Called Strike 0-2: Strikes out swinging | Batting: RHB Joel Hebert | 0-0: Ball 1-0: Called Strike 1-1: Foul Ball, location: 2F 1-2: Ball 2-2: SINGLE (Line Drive, 7LS) | Batting: LHB Marcos Fontanez | 0-0: Ball 1-0: Reached on error, E4 (Groundball, 4) Joel Hebert to second | Batting: RHB Juan Ortega | 0-0: Ball 1-0: Ball 2-0: Called Strike 2-1: Ball 3-1: Fly out, F3 (Popup, 34S) | Bottom of the 4th over - 0 runs, 1 hit, 1 error, 2 left on base; Manhatten 2 - Grim 0 | TOP OF THE 5TH |
---|
Manhatten Meatheads batting - Pitching for Grim Reapers : LHP Miguel Meneces | Batting: LHB Manuel Ortega | 0-0: Called Strike 0-1: Called Strike 0-2: Strikes out swinging | Batting: RHB James Morris | 0-0: Ball 1-0: Ball 2-0: Ball 3-0: Called Strike 3-1: Foul Ball, location: 2F 3-2: Fly out, F8 (Flyball, 78M) | Batting: RHB Pedro Delgado | 0-0: Foul Ball, location: 2F 0-1: Ball 1-1: Swinging Strike 1-2: Strikes out looking | Top of the 5th over - 0 runs, 0 hits, 0 errors, 0 left on base; Manhatten 2 - Grim 0 | BOTTOM OF THE 5TH |
---|
Grim Reapers batting - Pitching for Manhatten Meatheads : LHP Bernard Zuccarello | Batting: SHB José Castillo | 0-0: Foul Ball, location: 2F 0-1: Called Strike 0-2: Strikes out swinging | Batting: RHB Luis Samaripa | 0-0: Called Strike 0-1: Ball 1-1: Foul Ball, location: 2F 1-2: SINGLE (Groundball, 4MD) | Batting: RHB Luis López | 0-0: Ball Luis Samaripa steals 2nd base 1-0: Ball 2-0: Called Strike 2-1: Ball 3-1: Fly out, F7 (Flyball, 78S) | Batting: RHB Justin Geoghegan | 0-0: Ball 1-0: Ground out 6-3 (Groundball, 6) | Bottom of the 5th over - 0 runs, 1 hit, 0 errors, 1 left on base; Manhatten 2 - Grim 0 | TOP OF THE 6TH |
---|
Manhatten Meatheads batting - Pitching for Grim Reapers : LHP Miguel Meneces | Pitching: RHP Jonathan Anderson | | Batting: RHB Ismael Hidalgo | 0-0: Ball 1-0: Ball 2-0: Foul Ball, location: 2F 2-1: Foul Ball, location: 2F 2-2: SOLO HOME RUN (Flyball, 7LD), Distance : 360 ft | Batting: LHB Miguel Pérez | 0-0: Ball 1-0: Called Strike 1-1: SINGLE (Line Drive, 6MD) | Batting: RHB Ricardo Medina | 0-0: Ball 1-0: Ball 2-0: Grounds into double play, 5-4-3 (Groundball, 5) | Batting: RHB Rudy Boyd | 0-0: Called Strike 0-1: Called Strike 0-2: Ball 1-2: Strikes out swinging | Top of the 6th over - 1 run, 2 hits, 0 errors, 0 left on base; Manhatten 3 - Grim 0 | BOTTOM OF THE 6TH |
---|
Grim Reapers batting - Pitching for Manhatten Meatheads : LHP Bernard Zuccarello | Batting: RHB Júlio Núñez | 0-0: Foul Ball, location: 2F 0-1: Ball 1-1: Ball 2-1: Foul Ball, location: 2F 2-2: Ball 3-2: Foul Ball, location: 2F 3-2: Base on Balls | Batting: SHB Sean Moody | 0-0: Ball 1-0: SINGLE (Flyball, 89S) Júlio Núñez to second Runner from 2nd tries for 3rd, SAFE, throw made to third | Batting: RHB Joel Hebert | 0-0: Ball 1-0: Called Strike 1-1: Called Strike Throwing error on steal attempt, E2 Júlio Núñez scores Sean Moody to third 1-2: Foul Ball, location: 2F 1-2: Foul Ball, location: 2F 1-2: Foul Ball, location: 2F 1-2: Foul Ball, location: 2F 1-2: Fly out, F9 (Flyball, 89D) Runner from 3rd tags up, OUT at HOME | Batting: LHB Marcos Fontanez | 0-0: Called Strike 0-1: Ball 1-1: Fly out, F7 (Flyball, 7) | Bottom of the 6th over - 1 run, 1 hit, 1 error, 0 left on base; Manhatten 3 - Grim 1 | TOP OF THE 7TH |
---|
Manhatten Meatheads batting - Pitching for Grim Reapers : RHP Jonathan Anderson | Batting: LHB Hidalgo García | 0-0: Swinging Strike 0-1: Ball 1-1: Foul Ball, location: 2F 1-2: Ball 2-2: Foul Ball, location: 2F 2-2: Fly out, F9 (Flyball, 9LDF) | Batting: RHB Santiago Díaz | 0-0: Ball 1-0: Ball 2-0: Called Strike 2-1: Swinging Strike 2-2: Ball 3-2: Strikes out swinging | Batting: LHB Manuel Ortega | 0-0: Ball 1-0: Swinging Strike 1-1: Foul Ball, location: 2F 1-2: Ball 2-2: Foul Ball, location: 2F 2-2: Foul Ball, location: 2F 2-2: DOUBLE (Flyball, 8RXD) | Batting: RHB James Morris | 0-0: Ball 1-0: Foul Ball, location: 2F 1-1: Foul Ball, location: 2F 1-2: Ball 2-2: Foul Ball, location: 2F 2-2: Foul Ball, location: 2F 2-2: Ball 3-2: Base on Balls | Batting: RHB Pedro Delgado | 0-0: Called Strike 0-1: Called Strike 0-2: Strikes out swinging | Top of the 7th over - 0 runs, 1 hit, 0 errors, 2 left on base; Manhatten 3 - Grim 1 | BOTTOM OF THE 7TH |
---|
Grim Reapers batting - Pitching for Manhatten Meatheads : LHP Bernard Zuccarello | Pitching: RHP Bill Bowen | | Batting: RHB Juan Ortega | 0-0: Called Strike 0-1: SINGLE (Flyball, 78M) | Batting: SHB José Castillo | 0-0: Ball 1-0: Sac Bunt - play at first, batter OUT! 5-3 Juan Ortega to second | Batting: RHB Luis Samaripa | 0-0: Ground out 4-3 (Groundball, 4) Juan Ortega to third | Batting: RHB Luis López | 0-0: Ball 1-0: Ball 2-0: Foul Ball, location: 2F 2-1: Foul Ball, location: 2F 2-2: Foul Ball, location: 2F 2-2: Foul Ball, location: 2F 2-2: Strikes out swinging | Bottom of the 7th over - 0 runs, 1 hit, 0 errors, 1 left on base; Manhatten 3 - Grim 1 | TOP OF THE 8TH |
---|
Manhatten Meatheads batting - Pitching for Grim Reapers : RHP Jonathan Anderson | Batting: RHB Ismael Hidalgo | 0-0: Foul Ball, location: 2F 0-1: Swinging Strike 0-2: Ball 1-2: DOUBLE (Flyball, 89D) | Batting: LHB Miguel Pérez | 0-0: Intentional Walk | Pinch Hitting: LHB Wayne Rogers | 0-0: Ball 1-0: Sac Bunt - play at first, batter OUT! 3-4 Ismael Hidalgo to third Miguel Pérez to second | Pinch Hitting: LHB Brent Haynes | 0-0: Intentional Walk | Batting: LHB Hidalgo García | 0-0: Called Strike 0-1: Ball 1-1: Ball 2-1: Swinging Strike 2-2: Ball 3-2: Strikes out swinging | Pitching: RHP Will Brown | | Pinch Hitting: RHB George Green | 0-0: Ball 1-0: Fielders Choice at 2nd, 5-4 (Groundball, 56) | Top of the 8th over - 0 runs, 1 hit, 0 errors, 3 left on base; Manhatten 3 - Grim 1 | BOTTOM OF THE 8TH |
---|
Grim Reapers batting - Pitching for Manhatten Meatheads : RHP Bill Bowen | Now at 3B: George Green | | Now at SS: Ramiro Santana | | Now in RF: Wayne Rogers | | Batting: RHB Justin Geoghegan | 0-0: Foul Ball, location: 2F 0-1: Ball 1-1: Called Strike 1-2: Ball 2-2: DOUBLE (Flyball, 8LXD) | Batting: RHB Júlio Núñez | 0-0: Called Strike 0-1: Called Strike 0-2: Ball 1-2: Ball 2-2: Foul Ball, location: 2F 2-2: Fly out, F8 (Flyball, 8RM) | Batting: SHB Sean Moody | 0-0: Ball 1-0: Called Strike 1-1: Ground out 1-3 (Groundball, 15) | Batting: RHB Joel Hebert | 0-0: Called Strike 0-1: Fly out, F3 (Popup, 3SF) | Bottom of the 8th over - 0 runs, 1 hit, 0 errors, 1 left on base; Manhatten 3 - Grim 1 | TOP OF THE 9TH |
---|
Manhatten Meatheads batting - Pitching for Grim Reapers : RHP Will Brown | Batting: LHB Manuel Ortega | 0-0: Ball 1-0: Swinging Strike 1-1: Ball 2-1: Foul Ball, location: 2F 2-2: Foul Ball, location: 2F 2-2: Foul Ball, location: 2F 2-2: Strikes out looking | Batting: RHB James Morris | 0-0: Swinging Strike 0-1: Ball 1-1: Foul Ball, location: 2F 1-2: Strikes out swinging | Batting: RHB Pedro Delgado | 0-0: Called Strike 0-1: Swinging Strike 0-2: Ball 1-2: Ball 2-2: Ball 3-2: Foul Ball, location: 2F 3-2: Base on Balls | Batting: RHB Ismael Hidalgo | 0-0: Called Strike 0-1: Swinging Strike 0-2: Ground out 6-3 (Groundball, 6MS) | Top of the 9th over - 0 runs, 0 hits, 0 errors, 1 left on base; Manhatten 3 - Grim 1 | BOTTOM OF THE 9TH |
---|
Grim Reapers batting - Pitching for Manhatten Meatheads : RHP Bill Bowen | Batting: LHB Marcos Fontanez | 0-0: Foul Ball, location: 2F 0-1: Foul Ball, location: 2F 0-2: Ball 1-2: Ball 2-2: Strikes out looking | Batting: RHB Juan Ortega | 0-0: Called Strike 0-1: Foul Ball, location: 2F 0-2: Ball 1-2: Ball 2-2: Strikes out looking | Batting: SHB José Castillo | 0-0: Called Strike 0-1: Ball 1-1: Ball 2-1: Fly out, F8 (Flyball, 89D) | Bottom of the 9th over - 0 runs, 0 hits, 0 errors, 0 left on base; Manhatten 3 - Grim 1 | |